 Dungeon Crawl Stone Soup version 0.21.0-3-g78d12a8 (webtiles) character file.

45 inmateoo the Bolt Thrower (level 3, -4/28 HPs)
             Began as a Demonspawn Hunter on Jan 9, 2018.
             Killed from afar by a white imp (8 damage)
             ... with a puff of frost
             ... summoned by Natasha
             ... on level 2 of the Dungeon.
             The game lasted 00:02:42 (1224 turns).

inmateoo the Bolt Thrower (Demonspawn Hunter)       Turns: 1224, Time: 00:02:43

Health: -4/28      AC:  6    Str: 12    XL:     3   Next: 42%
Magic:  3/3        EV: 11    Int: 12    God:
Gold:   26         SH:  0    Dex: 14    Spells: 2/2 levels left

rFire    . . .     SeeInvis .   g - +0 whip (curse)
rCold    . . .     Gourm    .   (no shield)
rNeg     + . .     Faith    .   e - +1 ring mail (curse)
rPois    .         Spirit   .   (no helmet)
rElec    .         Reflect  .   (no cloak)
rCorr    .         Harm     .   (no gloves)
MR       .....                  (no boots)
Stlth    +.........             (no amulet)
HPRegen  0.09/turn              c - ring of positive energy
MPRegen  0.08/turn              (no ring)

@: no status effects
A: spiny 2
a: no special abilities


You were on level 2 of the Dungeon.
You were not hungry.

You visited 1 branch of the dungeon, and saw 2 of its levels.

You collected 26 gold pieces.

Inventory:

Hand Weapons
 a - a +1 hand crossbow
 b - a +0 short sword
 g - a cursed +0 whip (weapon)
Missiles
 d - 20 bolts
Armour
 e - a cursed +1 ring mail (worn)
Jewellery
 c - a ring of positive energy (left hand)
Scrolls
 i - a scroll of amnesia
 l - a scroll of fear {unknown}
 m - a scroll of teleportation {unknown}
Potions
 h - a potion of might {unknown}
 j - 3 potions of brilliance {unknown}
 k - a potion of flight
Comestibles
 f - 5 rations


   Skills:
 + Level 2.7 Fighting
 + Level 4.0 Crossbows
 + Level 2.4 Dodging
 - Level 0.8 Stealth


You had 2 spell levels left.
You didn't know any spells.

Dungeon Overview and Level Annotations

Branches:
Dungeon (2/15)

Altars:
Ashenzari
Dithmenos

Annotations:
D:2 Natasha


Innate Abilities, Weirdness & Mutations

You are mostly covered in sharp spines.


Message History

A bat and a goblin come into view.
The bat barely misses you. The bat hits you but does no damage.
The shadow imp laughs crazily.
The shadow imp gestures at you. Pain shoots through your body!
* * * LOW HITPOINT WARNING * * *
The goblin unwields an uncursed dagger.
The goblin wields a hunting sling.
The goblin shoots a stone.
The stone hits you.
* * * LOW HITPOINT WARNING * * *
You see here a stone.
The shadow imp disappears in a puff of smoke!
Unknown command.
The bat is struck by your spines.
You kill the bat!
The goblin shoots a stone.
The stone barely misses you.
Unknown command.
The white imp gestures at you. The puff of frost hits you!
You die...

..........##......
......#########...####......
#.. ..#.....................
...#.#......#...>..........
#.#g#.........#...........
..............#........###
#...........#)#+##......
#....##.#.#.#.#.#.......
#...(..@.<#.#.#.#.......
#5#####(#.#h#†#.#.#...#.
#....##.#.#5#.#.#.#.....
#....##.#.#.#...#.#.....
#....##...#.............
#...)######......###....
#....5...5h......# #....
################## #....
####.


You could see a white imp.

Vanquished Creatures
  Natasha (D:2)
  A worm (D:2)
  A giant cockroach (D:2)
  6 goblins
  A hobgoblin (D:1)
  A kobold (D:1)
  A quokka (D:2)
  A ball python (D:1)
  A bat (D:2)
  A frilled lizard (D:1)
  2 rats
17 creatures vanquished.

Notes
Turn   | Place    | Note
-------+----------+-------------------------------------------
     0 | D:1      | inmateoo the Demonspawn Hunter began the quest for the Orb.
     0 | D:1      | Reached XP level 1. HP: 16/16 MP: 1/1
   642 | D:1      | Found a shattered altar of Ashenzari.
   767 | D:1      | Gained mutation: You are partially covered in sharp spines. [demonic ancestry]
   767 | D:1      | Reached XP level 2. HP: 22/22 MP: 2/2
  1096 | D:2      | Noticed Natasha
  1102 | D:2      | Noticed a crimson imp
  1108 | D:2      | Killed Natasha
  1108 | D:2      | Reached skill level 4 in Crossbows
  1108 | D:2      | Gained mutation: You are mostly covered in sharp spines. [demonic ancestry]
  1108 | D:2      | Reached XP level 3. HP: 21/28 MP: 3/3
  1192 | D:2      | Found a shadowy altar of Dithmenos.
  1196 | D:2      | Noticed Natasha
  1224 | D:2      | Killed from afar by a white imp

Skill      XL: |  1  2 |
---------------+-------+-----
Dodging        | 2 |  2.4
Crossbows      | 4 |  4.0
Fighting       | |  2.7
Stealth        | |  0.8

Action                   || total
-------------------------++-------
Melee: Whip              ||    52
  Use: Scroll            ||     3
  Eat: Chunk             ||     1
Armor: Ring mail         ||    17
Dodge: Dodged            ||    24
